 Dungeon Crawl Stone Soup version 0.25-a0-663-gace7076f2c (webtiles) character file.

Game seed: 12930513741507552181, levelgen mode: deterministic

1869 DasRunzen the Ducker (level 8, -6/67 HPs)
             Began as a Demigod Gladiator on Mar 24, 2020.
             Splashed by a jelly's acid (10 damage)
             ... on level 6 of the Dungeon.
             The game lasted 00:14:05 (5647 turns).

DasRunzen the Ducker (Demigod Gladiator)            Turns: 5647, Time: 00:14:07

Health: -6/67      AC: -9    Str: 17    XL:     8   Next: 59%
Magic:  21/26      EV: 17    Int: 18    God:
Gold:   300        SH:  0    Dex: 17    Spells: 13/14 levels left

rFire    + . .     SeeInvis .   t - +0 falchion (curse)
rCold    . . .     Gourm    .   (no shield)
rNeg     . . .     Faith    .   i - +1 troll leather armour {Purgy}
rPois    .         Spirit   .   c - +0 helmet
rElec    .         Reflect  .   q - +2 cloak
rCorr    .         Harm     .   (no gloves)
MR       .....                  (no boots)
Stlth    +.........             (no amulet)
HPRegen  0.61/turn              v - ring of magical power
MPRegen  0.20/turn              l - ring of wizardry

@: corroded
A: claws 1, repulsion field 1, clever 1, fire resistance 1, high mp 1
a: no special abilities


You were on level 6 of the Dungeon.
You were not hungry.

You visited 1 branch of the dungeon, and saw 7 of its levels.
You also visited: Sewer.

You collected 300 gold pieces.

Inventory:

Hand Weapons
 a - a +0 long sword
 t - a cursed +0 falchion (weapon)
Missiles
 d - 3 throwing nets (quivered)
Armour
 c - a +0 helmet (worn)
 i - a +1 troll leather armour (worn) {Purgy}
 q - a +2 cloak (worn)
Jewellery
 h - an uncursed ring of ice
 l - a ring of wizardry (right claw)
 n - a +2 ring of protection
 v - a ring of magical power (left claw)
 y - an uncursed ring of positive energy {unknown}
Wands
 o - a wand of random effects (8)
 s - a wand of iceblast (10)
Scrolls
 e - a scroll of amnesia
 k - 3 scrolls of magic mapping
 w - a scroll of identify
 x - a scroll of remove curse {unknown}
 C - a scroll of fear
Potions
 b - a potion of berserk rage
 g - 4 potions of flight
 m - 2 potions of ambrosia {unknown}
 p - 2 potions of stabbing
 r - a potion of curing {unknown}
 u - a potion of haste {unknown}
 z - a potion of cancellation {unknown}
 A - a potion of lignification {unknown}
Comestibles
 f - 8 rations


   Skills:
 + Level 4.7 Fighting
 + Level 5.1 Long Blades
 - Level 1.7 Throwing
 + Level 4.2 Armour
 + Level 5.2 Dodging
 + Level 3.8 Spellcasting
 + Level 3.1 Conjurations


You had 13 spell levels left.
You knew the following spells:

 Your Spells              Type           Power        Failure   Level  Hunger
a - Magic Dart            Conj           ##..         1%          1    None

Your spell library contained the following spells:

 Spells                   Type           Power        Failure   Level  Hunger
 Blink                    Tloc           N/A          11%         2    ##.....
 Call Imp                 Summ           #.......     11%         2    ##.....
 Slow                     Hex            #.......     11%         2    ##.....
 Conjure Flame            Conj/Fire      #.......     12%         3    ###....
 Mephitic Cloud           Conj/Pois/Air  #.......     14%         3    ###....


Dungeon Overview and Level Annotations

Branches:
Dungeon (7/15)             Temple (0/1) D:6           Sewer (visited)

Annotations:
D:3 3 runed translucent doors, kelmiir's ghost, amateur GnAM
D:6 Prince Ribbit


Innate Abilities, Weirdness & Mutations

You have an increased reservoir of magic. (+10% MP)
You have sharp fingernails.
You are surrounded by a mild repulsion field. (EV +2)
Your mind is acute. (Int +2)
Your flesh is heat resistant. (rF+)


Message History

You feel much better. The jelly hits you. The acid corrodes you!
You are splashed with acid.
* * * LOW HITPOINT WARNING * * *
You barely miss the jelly.
The jelly is almost dead.
The jelly closely misses you.
Your magical contamination has completely faded away.
You barely miss the jelly.
The jelly is almost dead.
The jelly hits you.
* * * LOW HITPOINT WARNING * * *
The acid corrodes you!
You are splashed with acid!
* * * LOW HITPOINT WARNING * * *
You hit the jelly but do no damage.
Your claws burn!
* * * LOW HITPOINT WARNING * * *
The jelly is almost dead.
The jelly hits you.
* * * LOW HITPOINT WARNING * * *
You are splashed with acid!
You die...

..#####.##..######......#
........##.........#.##.#
#.#########.######.#.##.###
..# ##.## #.#.>....# ..#
##...## #.####.#.# ..#
##.....## #.####.#.# #.###
##.......###.##.#.#.#
#...###...<....J##......#.#
###)..'.........@.......#.#
#...###.........####...##.#
#.### ##.......## ##.###.#
..# ##.....## ##...##.#
.#### ##...## #)....#.#
....# ##.## #.......# ###.#
#.# #.....### #.## #.#
##...## #..# ##.## ##.##


You could see a jelly.

Vanquished Creatures
  Grinder (D:5)
  A water moccasin (D:6)
  Purgy (Sewer)
  An ice beast (D:6)
  3 ogres
  2 phantoms (D:5)
  3 bullfrogs (D:6)
  A bullfrog zombie (D:6)
  2 jellies (D:6)
  2 hounds (D:5)
  A centaur skeleton (D:6)
  Natasha (D:4)
  2 iguanas
  3 orc wizards (D:4)
  5 worker ants
  A hound skeleton (D:2)
  A howler monkey zombie (D:6)
  A howler monkey skeleton (D:5)
  13 adders
  3 shadow imps
  An ooze (D:1)
  2 adder zombies (D:2)
  3 worms
  A dart slug (D:3)
  2 leopard geckos
  13 orcs
  6 bats
  12 giant cockroaches
  15 goblins
  4 hobgoblins
  9 jackals
  3 quokkas
  6 frilled lizards
  A jackal skeleton (D:2)
  10 kobolds
  A leopard gecko skeleton (D:6)
  A quokka zombie (D:2)
  9 rats
147 creatures vanquished.

Vanquished Creatures (others)
  2 fungi (D:3)
  2 plants (D:3)
4 creatures vanquished.

Grand Total: 151 creatures vanquished

Notes
Turn   | Place    | Note
-------+----------+-------------------------------------------
     0 | D:1      | DasRunzen the Demigod Gladiator began the quest for the
                  | Orb.
     0 | D:1      | Reached XP level 1. HP: 17/17 MP: 3/3
    48 | D:1      | Reached XP level 2. HP: 13/24 MP: 4/4
   489 | D:2      | Reached XP level 3. HP: 21/29 MP: 6/6
   511 | D:2      | Reached skill level 1 in Spellcasting
   514 | D:2      | Reached skill level 1 in Armour
  1336 | D:2      | Reached XP level 4. HP: 30/37 MP: 8/8
  1739 | D:3      | Found a runed translucent gate.
  1741 | D:3      | Identified the cursed +0 short sword of the Endless March
                  | {elec, rElec rC+}
  1741 | D:3      | Noticed a big kobold
  1742 | D:3      | Found a runed translucent gate.
  1742 | D:3      | Noticed kelmiir's ghost (amateur GnAM)
  1742 | D:3      | Noticed a big kobold
  1937 | D:3      | Found a glowing drain.
  2097 | Sewer    | Entered a sewer
  2306 | Sewer    | Noticed Purgy
  2308 | Sewer    | Gained mutation: You are surrounded by a mild repulsion
                  | field. (EV +2) [potion of mutation]
  2308 | Sewer    | Gained mutation: Your mind is acute. (Int +2) [potion of
                  | mutation]
  2308 | Sewer    | Gained mutation: You have sharp fingernails. [potion of
                  | mutation]
  2308 | Sewer    | Gained mutation: Your flesh is heat resistant. (rF+)
                  | [potion of mutation]
  2318 | Sewer    | Killed Purgy
  2318 | Sewer    | Reached XP level 5. HP: 16/45 MP: 10/10
  2578 | D:3      | Found a runed translucent gate.
  2760 | D:4      | Noticed an ogre
  2769 | D:4      | Killed an ogre
  2769 | D:4      | Reached XP level 6. HP: 16/51 MP: 10/12
  2867 | D:4      | Learned a level 1 spell: Magic Dart
  3566 | D:4      | Noticed Natasha
  3583 | D:4      | Killed Natasha
  3857 | D:5      | Entered Level 5 of the Dungeon
  3880 | D:5      | Reached skill level 1 in Conjurations
  3903 | D:5      | Reached XP level 7. HP: 48/57 MP: 13/13
  4258 | D:5      | Noticed Grinder
  4265 | D:5      | Paralysed by Grinder for 7 turns
  4287 | D:5      | Killed Grinder
  4363 | D:5      | You fall into a shaft and drop 2 floors!
  4465 | D:6      | Reached XP level 8. HP: 35/66 MP: 14/16
  4577 | D:6      | Found a staircase to the Ecumenical Temple.
  5067 | D:6      | Reached skill level 5 in Dodging
  5206 | D:6      | Found a shadowy altar of Dithmenos.
  5270 | D:6      | Reached skill level 5 in Long Blades
  5322 | D:6      | Noticed Prince Ribbit
  5643 | D:6      | HP: 3/67 [acid (1)]
  5647 | D:6      | Splashed by a jelly's acid

Levels and vault maps discovered:
D:1:      dpeg_arrival_rooms_with_view, layout_rooms,
          chequers_serial_rivers_micro_a
D:2:      layout_loops_ring, serial_undead, serial_undead_c, serial_undead_e,
          serial_undead_a, serial_undead_d, serial_undead_f, serial_undead_d,
          serial_undead_a, first_ration
D:3:      layout_basic, gammafunk_ghost_nasty_kobolds, gup_sewer_entry_glass
D:4:      corexii_shack_village, layout_basic, lemuel_another_geyser,
          uniq_natasha
D:5:      layout_basic, eino_tiny_chamber, minmay_misc_feat_iff, uniq_grinder
D:6:      minmay_chambers_of_fours, layout_loops_corners, temple_green,
          lemuel_statue_altar, uniq_prince_ribbit1
D:7:      layout_loops_ring, sigmund_edmund_badplayer

Skill      XL: |  1  2  3  4  5  6  7  8 |
---------------+-------------------------+-----
Fighting       | 2 3 4 |  4.7
Long Blades    | 3 4 5 |  5.1
Dodging        | 3 4 5 |  5.2
Spellcasting   | 1 2 3 |  3.8
Armour         | 1 2 3 4 |  4.2
Conjurations   | 1 2 3 |  3.1
Throwing       | |  1.7

Action                   |  1- 3 |  4- 6 |  7- 9 || total
-------------------------+-------+-------+-------++-------
Melee: Long sword        |   129 |   156 |       ||   285
       Falchion          |       |    97 |   362 ||   459
 Cast: Magic Dart        |       |       |    17 ||    17
Evoke: Wand              |       |       |     1 ||     1
  Use: Scroll            |     5 |     7 |       ||    12
       Potion            |       |     3 |     1 ||     4
 Stab: Distracted        |     1 |       |       ||     1
       Sleeping          |       |     4 |     2 ||     6
  Eat: Chunk             |     1 |     9 |     7 ||    17
Armor: Leather armour    |    46 |    33 |       ||    79
       Troll leather arm |       |    30 |   111 ||   141
Dodge: Dodged            |   116 |   229 |   255 ||   600
       Rpst.: Long sword |    38 |    46 |       ||    84
       Falchion          |       |    20 |    76 ||    96

Table legend:
 A = Non-vault XP
 B = Vault XP
 C = Vault XP percentage of total XP
 D = Non-vault monster count
 E = Vault monster count
 F = Vault count percentage of total count
                 A         B        C        D         E       F
            +---------+---------+-------+---------+---------+-------
      Total |    1867 |     803 |  30.1 |     113 |      34 |  23.1
            +---------+---------+-------+---------+---------+-------
        D:1 |      38 |       4 |   9.5 |      19 |       2 |   9.5
        D:2 |      80 |      33 |  29.2 |      22 |       5 |  18.5
        D:3 |      43 |      45 |  51.1 |      16 |       5 |  23.8
        D:4 |     392 |      53 |  11.9 |      21 |      11 |  34.4
        D:5 |     439 |     262 |  37.4 |      11 |       1 |   8.3
        D:6 |     873 |     258 |  22.8 |      23 |       4 |  14.8
        D:7 |       2 |       0 |   0.0 |       1 |       0 |   0.0
      Sewer |       0 |     148 | 100.0 |       0 |       6 | 100.0
            +---------+---------+-------+---------+---------+-------
